 Dungeon Crawl Stone Soup version 0.30-a0-528-g8c47a4955b (webtiles) character file.

Game seed: 16009782524685465153

1828 PyroL the Changer (level 9, -1/56 HPs)
             Began as an Octopode Transmuter on Dec 23, 2022.
             Was an Initiate of Gozag.
             Killed from afar by a white imp (10 damage)
             ... with a puff of frost
             ... on level 7 of the Dungeon.
             The game lasted 00:15:27 (6324 turns).

PyroL the Changer (Octopode Transmuter)             Turns: 6324, Time: 00:15:27

Health: -1/56      AC:  2    Str:  9    XL:     9   Next: 11%
Magic:  21/24      EV: 26    Int: 20    God:    Gozag
Gold:   660        SH:  0    Dex: 17    Spells: 10/16 levels left

rFire   . . .      SeeInvis .      - Unarmed
rCold   . . .      Faith    .    (shield currently unavailable)
rNeg    . . .      Spirit   .    (helmet currently unavailable)
rPois   x          Reflect  .    z - amulet of regeneration
rElec   .          Harm     .    x - ring of willpower
rCorr   .          Rampage  .    y - ring of magical power
Will    +....                    B - +4 ring of evasion
Stlth   ++                       (no ring)
HPRegen 1.09/turn                (no ring)
MPRegen 0.19/turn                (no ring)
                                 (no ring)
                                 (no ring)

@: about to teleport, spider-form, wereblooded, gold aura
A: venomous fangs, almost no armour, (amphibious), 8 rings, tiny, (camouflage
1), (gelatinous body 1), (nimble swimmer 1), (tentacles)
a: End Transformation, Renounce Religion, Potion Petition, Call Merchant, Bribe
Branch


You were on level 7 of the Dungeon.
You worshipped Gozag.
Gozag was pleased with you.
You were a venomous arachnid creature.
You visited 1 branch of the dungeon, and saw 7 of its levels.

You collected 705 gold pieces.
You paid 45 gold pieces to Gozag.

Inventory:

Hand Weapons
 e - a +3 mace of protection (melded)
 p - the +4 short sword "PyroL's Peril" {vorpal, Fly rF+ Str-2}
   (You found it on level 3 of the Dungeon)

   It inflicts extra damage upon your enemies.
   Str:       It affects your strength (-2).
   rF:        It protects you from fire.
   Fly:       It grants you flight.
Missiles
 o - 17 poisoned darts
Jewellery
 x - a ring of willpower (left front leg)
 y - a ring of magical power (right front leg)
 z - an amulet of regeneration (around neck)
 B - a +4 ring of evasion (on tentacle)
Wands
 b - a wand of flame (34)
 f - a wand of mindburst (18)
Scrolls
 g - a scroll of poison
 h - a scroll of amnesia
 i - a scroll of noise {unknown}
 j - a scroll of teleportation
 k - a scroll of blinking
 q - a scroll of vulnerability {unknown}
 t - a scroll of immolation {unknown}
 v - a scroll of torment {unknown}
 w - a scroll of brand weapon {unknown}
 C - a scroll of fog {unknown}
 D - 2 scrolls of summoning {unknown}
 E - a scroll of enchant weapon {unknown}
Potions
 a - 3 potions of might
 c - a potion of haste {unknown}
 d - 2 potions of cancellation
 l - 2 potions of attraction {unknown}
 m - 2 potions of curing
 n - 3 potions of brilliance
 r - a potion of flight {unknown}
 s - 3 potions of ambrosia
 u - a potion of heal wounds
 A - a potion of berserk rage {unknown}


   Skills:
 - Level 3.0 Fighting
 - Level 3.0 Throwing
 - Level 5.0 Dodging
 - Level 6.0 Unarmed Combat
 - Level 4.0 Spellcasting
 + Level 6.7 Transmutations
 - Level 3.0 Poison Magic


You had 10 spell levels left.
You knew the following spells:

 Your Spells              Type           Power      Damage    Failure   Level
a - Beastly Appendage     Tmut           60%        N/A       4%          1
b - Wereblood             Tmut           30%        N/A       6%          2
c - Spider Form           Tmut/Pois      23%        N/A       16%         3

Your spell library contained the following spells:

 Spells                   Type           Power      Damage    Failure   Level
 Passwall                 Tmut/Erth      14%        N/A       14%         2
 Sandblast                Erth           8%         2d5       30%         1
 Ice Form                 Ice/Tmut       17%        N/A       54%         4
 Gell's Gravitas          Tloc           4%         N/A       58%         3
 Stone Arrow              Conj/Erth      8%         3d7       58%         3
 Teleport Other           Tloc           4%         N/A       58%         3
 Leda's Liquefaction      Hex/Erth       2%         N/A       90%         4
 Dispersal                Tloc           2%         N/A       100%        6
 Borgnjor's Revivificati  Necr           2%         N/A       100%        8
 Necromutation            Tmut/Necr      8%         N/A       100%        8
 Chain Lightning          Conj/Air       2%         3d2       100%        9
 Death's Door             Necr           2%         N/A       100%        9
 Fire Storm               Conj/Fire      2%         8d1       100%        9
 Shatter                  Erth           2%         3d6*      100%        9


Dungeon Overview and Level Annotations

Branches:
Dungeon (7/15)
 Temple: D:4-7

Altars:
Gozag
Okawaru
Ru
Wu Jian
Yredelemnul

Shops:
D:4 :   D:5 [

Annotations:
D:7 Joseph


Innate Abilities, Weirdness & Mutations

You are a venomous arachnid creature.
You have poisonous fangs.
You are tiny and dextrous.
Your spellcasting is less reliable in this form.
Your armour is entirely melded.
You are incapable of wielding weapons or throwing items.
You cannot wear most types of armour.
((You are amphibious.))
You can wear up to eight rings at the same time.
((Your skin changes colour to match your surroundings (Stealth+).))
((Your rubbery body absorbs attacks. (AC +1, EV +1)))
((You are camouflaged when in or above water. (Stealth+)))
((You have tentacles for arms and can constrict up to eight enemies at once.))


Message History

You hit the orc wizard.
The orc wizard is lightly wounded.
The orc wizard hits you with a +0 dagger.
You bite the orc wizard!
The orc wizard is poisoned.
The orc wizard is severely wounded.
Casting: Spider Form (dangerous; 16% risk of failure)
Confirm with . or Enter, or press ? or * to list all spells.
Your blood is infused with primal strength.
The white imp lashes its tail.
The orc wizard completely misses you.
You barely miss the orc wizard.
The orc wizard is severely wounded.
The orc wizard hits you but does no damage.
You bite the orc wizard!
You feel a bit better.
You kill the orc wizard!
The white imp gestures at you. The puff of frost misses you.
Joseph unwields a +0 quarterstaff.
Joseph wields a +0 sling.
Joseph shoots a sling bullet.
The sling bullet hits you! The white imp gestures at you.
The puff of frost hits you!
Things that are here:
5 gold pieces; a +0 dagger; a +0 robe You hiss as the wereblood boils in your veins!
The white imp completely misses you.
Joseph unwields a +0 sling.
Joseph wields a +0 quarterstaff.
Joseph hits you with a +0 quarterstaff!!
* * * LOW HITPOINT WARNING * * *
You barely miss Joseph. The white imp gestures at you.
The puff of frost hits you!
* * * LOW HITPOINT WARNING * * *
Joseph hits you with a +0 quarterstaff.
* * * LOW HITPOINT WARNING * * *
As you read the scroll of teleportation, it crumbles to dust.
You feel strangely unstable. The white imp gestures at you.
The puff of frost hits you!
You die...
Your body crumbles into a pile of gold.

#.##.#.##............#
##.##.#.##.#.########.#
........##.#.# !#
##########.#.#### .#
#.#....# .# #.####.# .#
#.# #.# @# #. ##$## ..
#.5s# #.......@....#
#####...###### ##.##
#.# ..# ###


You could see Joseph and a white imp.

Vanquished Creatures
  Sigmund (D:3)
  Menkaure (D:6)
  A steam dragon (D:7)
  A water moccasin (D:5)
  A black bear (D:6)
  3 ogres
  A phantom (D:6)
  Blork the orc (D:5)
  5 scorpions
  A wight (D:6)
  A howler monkey (D:4)
  2 hounds
  3 iguanas (D:6)
  3 orc wizards
  12 adders
  A shadow imp (D:6)
  4 white imps
  A worm (D:2)
  9 dart slugs
  6 orcs
  3 endoplasms
  3 giant cockroaches
  9 goblins
  8 hobgoblins
  7 jackals
  8 kobolds
  5 quokkas
  7 ball pythons
  7 bats
  5 frilled lizards
120 creatures vanquished.

Vanquished Creatures (others)
  A plant (D:3)
1 creature vanquished.

Grand Total: 121 creatures vanquished

Notes
Turn   | Place    | Note
-------+----------+-------------------------------------------
     0 | D:1      | PyroL the Octopode Transmuter began the quest for the Orb.
     0 | D:1      | Reached XP level 1. HP: 13/13 MP: 3/3
    75 | D:1      | Reached skill level 1 in Poison Magic
    76 | D:1      | Reached XP level 2. HP: 16/18 MP: 3/5
   332 | D:1      | Reached XP level 3. HP: 21/23 MP: 4/6
   701 | D:2      | Learned a level 2 spell: Wereblood
   828 | D:2      | Found a faded altar of an unknown god.
  1300 | D:2      | Reached XP level 4. HP: 27/28 MP: 3/7
  1361 | D:2      | Got the Octavo of Clay
  1863 | D:3      | Reached XP level 5. HP: 30/33 MP: 6/8
  1922 | D:3      | Found a basalt altar of Yredelemnul.
  1924 | D:3      | Found an opulent altar of Gozag.
  1924 | D:3      | Found an ornate altar of the Wu Jian Council.
  1924 | D:3      | Noticed Sigmund
  2253 | D:3      | Identified the +4 short sword "PyroL's Peril" {vorpal, Fly
                  | rF+ Str-2}
  2384 | D:3      | Learned a level 3 spell: Spider Form
  2737 | D:3      | Killed Sigmund
  2738 | D:3      | Reached skill level 5 in Transmutations
  2738 | D:3      | Reached XP level 6. HP: 23/38 MP: 6/9
  2807 | D:3      | Became a worshipper of Gozag Ym Sagoz the Greedy
  3014 | D:4      | Found a sacrificial altar of Ru.
  3111 | D:4      | Found Mongeem's Tremendous Tomes.
  3690 | D:4      | Reached skill level 5 in Unarmed Combat
  3690 | D:4      | Reached XP level 7. HP: 30/43 MP: 10/10
  3974 | D:5      | Entered Level 5 of the Dungeon
  3980 | D:5      | Found Cadaprawk's Antique Armour Shop.
  3998 | D:5      | Noticed Blork the orc
  4487 | D:5      | Found an iron altar of Okawaru.
  4622 | D:5      | HP: 3/64 [water moccasin (6)]
  4740 | D:5      | Killed Blork the orc
  5015 | D:5      | Reached skill level 5 in Dodging
  5015 | D:5      | Reached XP level 8. HP: 48/48 MP: 11/11
  5395 | D:6      | Noticed Menkaure
  5409 | D:6      | Killed Menkaure
  5410 | D:6      | Reached skill level 1 in Throwing
  5877 | D:6      | Reached XP level 9. HP: 55/56 MP: 15/15
  6004 | D:6      | Identified the +1 ring mail "Pesiom" {Will+ Stlth+}
  6300 | D:7      | Noticed Joseph
  6324 | D:7      | Killed from afar by a white imp

Illustrated notes

Levels and vault maps discovered:
D:1:      minmay_arrival_glassed_features, layout_basic,
          corexii_leaking_fountain
D:2:      layout_basic, basic_ecumenical_altar
D:3:      layout_basic, gammafunk_temple_overflow_forgotten, uniq_sigmund
D:4:      kennysheep_slugbush, layout_basic,
          mainiacjoe_overflow_six_doors_small, eino_curves_03,
          grunt_ministairs_1, nicolae_shop_i_like_big_books
D:5:      layout_basic, okawaru_gym_becter, serial_shops, nicolae_shop_crystal,
          uniq_blork_the_orc
D:6:      layout_basic, minmay_fractal_squares_diagonal_5, uniq_menkaure
D:7:      gammafunk_the_bubble [the_bubble_gammafunk_plus_minus],
          layout_loops_ring, general_overflow_altar,
          minmay_temple_entry_nine_rooms, uniq_joseph

Skill      XL: |  1  2  3  4  5  6  7  8  9 |
---------------+----------------------------+-----
Poison Magic   | 1 2 3 |  3.0
Transmutations | 3 4 5 6 |  6.7
Unarmed Combat | 4 5 6 |  6.0
Dodging        | 5 |  5.0
Fighting       | 3 |  3.0
Spellcasting   | 4 |  4.0
Throwing       | 2 3 |  3.0

Action                   |  1- 3 |  4- 6 |  7- 9 || total
-------------------------+-------+-------+-------++-------
Melee: Unarmed           |    37 |    34 |   122 ||   193
       Constrict         |    20 |    17 |    12 ||    49
       Kick              |    15 |    11 |     9 ||    35
       Tentacles         |    13 |     9 |     8 ||    30
       Punch             |     3 |     2 |     6 ||    11
       Mace              |    28 |    28 |    17 ||    73
       Short sword       |       |    28 |    21 ||    49
 Cast: Beastly Appendage |    25 |    30 |    10 ||    65
       Wereblood         |     1 |     1 |     2 ||     4
       Spider Form       |       |     5 |    22 ||    27
  Use: Scroll            |     2 |     1 |     8 ||    11
       Potion            |       |     1 |     2 ||     3
 Stab: Sleeping          |     4 |    13 |     2 ||    19
       Distracted        |       |       |     1 ||     1
Armor: Skin              |     9 |    11 |    20 ||    40
Dodge: Dodged            |    43 |    58 |   138 ||   239

Table legend: (Time is in decaauts)
 A = Elapsed time spent in this place.
 B = Non-inter-level travel time spent in this place.
 C = Inter-level travel time spent in this place.
 D = Time resting spent in this place.
 E = Time spent auto-exploring this place.
 F = Levels seen in this place.
 G = Mean time per level.
                   A        B        C        D        E       F      G
               +--------+--------+--------+--------+--------+-----+--------+
         Total |   6331 |   6044 |    287 |    653 |   3980 |   7 |  904.4 |
       Dungeon |   6331 |   6044 |    287 |    653 |   3980 |   7 |  904.4 |
               +--------+--------+--------+--------+--------+-----+--------+

Top non-repeatable levels by time:
     D:4: 1266 daAuts
     D:2: 1249 daAuts
     D:6: 1156 daAuts
     D:5: 965 daAuts
     D:3: 907 daAuts
     D:1: 697 daAuts
     D:7: 88 daAuts
